 Dungeon Crawl Stone Soup version 0.28-a0-723-g095bd1b44f (webtiles) character file.

Game seed: 18426924340381368745

125 pascalblue the Conjurer (level 4, -2/24 HPs)
             Began as a Deep Elf Conjurer on Oct 25, 2021.
             Slain by an adder (4 damage)
             ... on level 2 of the Dungeon.
             The game lasted 00:05:43 (1627 turns).

pascalblue the Conjurer (Deep Elf Conjurer)         Turns: 1627, Time: 00:05:44

Health: -2/24      AC:  3    Str:  4    XL:     4   Next: 82%
Magic:  0/12       EV: 12    Int: 24    God:
Gold:   36         SH:  0    Dex: 13    Spells: 9/12 levels left

rFire   . . .      SeeInvis .   h - +1 short sword (holy)
rCold   . . .      Faith    .   (no shield)
rNeg    . . .      Spirit   .   a - +0 robe
rPois   .          Reflect  .   l - +0 helmet
rElec   .          Harm     .   (no cloak)
rCorr   .          Rampage  .   (no gloves)
Will    .....                   (no boots)
Stlth   ++........              (no amulet)
HPRegen 0.08/turn               f - +4 ring of slaying
MPRegen 0.13/turn               (no ring)

@: lethally poisoned (-2 -> -10)
A: no striking features
a: no special abilities


You were on level 2 of the Dungeon.
You visited 1 branch of the dungeon, and saw 2 of its levels.

You collected 36 gold pieces.

Inventory:

Hand Weapons
 c - a +0 dagger
 g - a +3 whip
 h - a +1 short sword of holy wrath (weapon)
Armour
 a - a +0 robe (worn)
 l - a +0 helmet (worn)
Jewellery
 f - a +4 ring of slaying (left hand)
Scrolls
 d - a scroll of brand weapon {unknown}
 e - a scroll of teleportation {unknown}
 j - a scroll of noise {unknown}
 k - 2 scrolls of identify {unknown}
Potions
 b - 2 potions of flight {unknown}
 i - a potion of haste {unknown}


   Skills:
 - Level 2.4 Dodging
 - Level 2.4 Stealth
 + Level 4.6 Spellcasting
 * Level 6.1 Conjurations


You had 9 spell levels left.
You knew the following spells:

 Your Spells              Type           Power      Damage    Failure   Level
a - Magic Dart            Conj           100%       1d8       1%          1
b - Searing Ray           Conj           70%        2d7       1%          2

Your spell library contained the following spells:

 Spells                   Type           Power      Damage    Failure   Level
 Dazzling Flash           Conj/Hex       40%        N/A       8%          3
 Fulminant Prism          Conj/Hex       10%        3d9       26%         4
 Iskenderun's Mystic Bla  Conj/Tloc      20%        2d6       26%         4


Dungeon Overview and Level Annotations

Branches:
Dungeon (2/15)

Altars:


Message History

Terence says, "How do you enjoy it?" Terence hits you with a +0 flail!
The searing ray hits Terence!
You kill Terence!
The adder bites you.
You are poisoned.
The adder poisons you!
Your Conjurations skill increases to level 6!
Unknown command.
Unknown command.
Casting: Searing Ray (safe; 1% risk of failure)
Confirm with . or Enter, or press ? or * to list all spells.
Aiming: Magic Dart (safe; 1% risk of failure)
Press: ? - help, Shift-Dir - straight line, f - adder
Aim: an adder (100% to hit)
The magic dart hits the adder!
The adder is severely wounded.
You feel sick. The adder bites you but does no damage.
The adder barely misses you.
Casting: Magic Dart (safe; 1% risk of failure)
Confirm with . or Enter, or press ? or * to list all spells.
Aiming: Magic Dart (safe; 1% risk of failure)
Press: ? - help, Shift-Dir - straight line, f/p - adder
Aim: an adder (severely wounded, 100% to hit)
The magic dart hits the adder.
The adder is severely wounded.
You feel sick. The adder bites you.
* * * LOW HITPOINT WARNING * * *
You are more poisoned.
The adder poisons you!
Casting: Magic Dart (safe; 1% risk of failure)
Confirm with . or Enter, or press ? or * to list all spells.
Aiming: Magic Dart (safe; 1% risk of failure)
Press: ? - help, Shift-Dir - straight line, f/p - adder
Aim: an adder (severely wounded, 100% to hit)
The magic dart hits the adder.
The adder is almost dead.
* * * LOW HITPOINT WARNING * * *
You feel sick. The adder bites you.
You die...

#........##.......###...#
#................).......
#.................#.###..
#.................).#
#..................##
#.<...............##
..................#
##.............S..#
.#..............@)#
.........##......#...#
...#..... ##.###.# #.#
....##... #. #.# ..
......... . ..# # ....##
. ..# ....# ..# (. .###
..


You could see an adder.

Vanquished Creatures
  Terence (D:2)
  Robin (D:2)
  An adder (D:2)
  A worm (D:2)
  3 dart slugs
  4 endoplasms
  A giant cockroach (D:1)
  11 hobgoblins
  7 jackals (D:2)
  3 kobolds (D:1)
  A quokka (D:1)
  4 ball pythons (D:1)
  4 bats
  A frilled lizard (D:1)
  13 goblins
  6 rats (D:1)
62 creatures vanquished.

Notes
Turn   | Place    | Note
-------+----------+-------------------------------------------
     0 | D:1      | pascalblue the Deep Elf Conjurer began the quest for the
                  | Orb.
     0 | D:1      | Reached XP level 1. HP: 10/10 MP: 6/6
   169 | D:1      | Reached XP level 2. HP: 15/15 MP: 2/8
   172 | D:1      | Learned a level 2 spell: Searing Ray
   393 | D:1      | Found a faded altar of an unknown god.
   401 | D:1      | Reached skill level 5 in Conjurations
   671 | D:1      | Reached XP level 3. HP: 19/19 MP: 5/10
  1316 | D:2      | Reached XP level 4. HP: 24/24 MP: 2/12
  1485 | D:2      | Noticed Robin
  1508 | D:2      | Killed Robin
  1615 | D:2      | Noticed Terence
  1624 | D:2      | Killed Terence
  1625 | D:2      | Reached skill level 6 in Conjurations
  1627 | D:2      | Slain by an adder

Illustrated notes

Levels and vault maps discovered:
D:1:      nzn_arrival_depleted_hourglass, layout_loops_ring,
          chequers_ecumenical_altar_island, chequers_serial_rivers_small_a,
          hangedman_decor_push
D:2:      layout_rooms, basic_altar, small_statue_intersection,
          roderic_st_hans_cross, uniq_robin, uniq_terence

Skill      XL: |  1  2  3  4 |
---------------+-------------+-----
Conjurations   | 5 6 |  6.1
Spellcasting   | 4 |  4.6
Dodging        | |  2.4
Stealth        | |  2.4

Action                   |  1- 3 |  4- 6 || total
-------------------------+-------+-------++-------
Melee: Short sword       |    12 |       ||    12
 Cast: Magic Dart        |    79 |    14 ||    93
       Searing Ray       |       |     5 ||     5
Armor: Robe              |     3 |     4 ||     7
Dodge: Dodged            |    14 |     9 ||    23

Table legend: (Time is in decaauts)
 A = Elapsed time spent in this place.
 B = Non-inter-level travel time spent in this place.
 C = Inter-level travel time spent in this place.
 D = Time resting spent in this place.
 E = Time spent auto-exploring this place.
 F = Levels seen in this place.
 G = Mean time per level.
                   A        B        C        D        E       F      G
               +--------+--------+--------+--------+--------+-----+--------+
         Total |   1630 |   1603 |     27 |    274 |   1082 |   2 |  815.0 |
       Dungeon |   1630 |   1603 |     27 |    274 |   1082 |   2 |  815.0 |
               +--------+--------+--------+--------+--------+-----+--------+

Top non-repeatable levels by time:
     D:1: 1140 daAuts
     D:2: 490 daAuts
